 Dungeon Crawl Stone Soup version 0.31.0-11-ge490571c62 (webtiles) character file.

Game seed: 16538219504965314636

21643 Drazool the Grappler (level 11, -2/100 HPs)
             Began as a Naga Shapeshifter on Feb 2, 2024.
             Was the Champion of Ru.
             Engulfed by a fire crab's flame (21 damage)
             ... on level 3 of the Lair of Beasts on Feb 3, 2024.
             The game lasted 00:45:42 (15163 turns).

Drazool the Grappler (Naga Shapeshifter)           Turns: 15163, Time: 00:45:43

Health: -2/100     AC:  6    Str: 17    XL:     11   Next: 92%
Magic:  20/20      EV: 19    Int: 11    God:    Ru [******]
Gold:   400        SH:  5    Dex: 20    Spells: 10/10 levels left

rFire   . .          .
                       - Unarmed
rCold   . . .        (shield currently unavailable)
rNeg    . . .        a - melded +0 animal skin
rPois   +            p - +2 helmet
rElec   +            (no cloak)
rCorr   .            (no gloves)
SInv    +            (no barding)
Will    ++...        v - amulet of reflection
Stlth   ++           M - ring of magical power
HPRegen 0.36/turn    D - +6 ring of dexterity
MPRegen 0.17/turn

%: reflection
@: flux-form, glowing, studying Stealth, very slow
A: glow, contaminating, AC +3, large, see invisible, deformed body, poison
resistance, slowness 2, spit poison 1, inability to read after injury 2, hated
by all, inability to train armour, no conjurations magic, no earth magic, no
alchemy magic, inexperienced 1, naga tail 1, strong-willed 1, electricity
resistance
a: Spit Poison, Begin Untransformation, Renounce Religion, Draw Out Power, Power
Leap, Apocalypse


You were on level 3 of the Lair of Beasts.
You worshipped Ru.
Ru was exalted by your worship.
You were something dangerously unstable.
You visited 3 branches of the dungeon, and saw 16 of its levels.

You collected 703 gold pieces.
You spent 303 gold pieces at shops.


Innate Abilities, Weirdness & Mutations

You are something dangerously unstable.
You glow with magical radiation, making you easy to see and hit.
Foes you strike become dangerously contaminated with magical radiation.
You are incapable of wielding weapons or throwing items.
Your serpentine skin is tough. (AC +3)
You have supernaturally acute eyesight. (SInv)
Armour fits poorly on your strangely shaped body.
Your system is resistant to poisons. (rPois)
You cover ground very slowly.
You can spit poison.
You sometimes lose the ability to read scrolls when taking damage.
You are hated by all.
You cannot train Armour skill.
You cannot study or cast Conjurations magic.
You cannot study or cast Earth magic.
You cannot study or cast Alchemy magic.
You are somewhat inexperienced. (-1 XL)
You have a snake-like lower body.
You are strong-willed. (Will+)
You are resistant to electric shocks. (rElec)


   Skills:
 - Level 7.0 Fighting
 - Level 8.0 Dodging
 - Level 8.0 Stealth
 - Level 12.0 Unarmed Combat
 - Level 3.0 Evocations
 + Level 12.0 Shapeshifting


You had 10 spell levels left.
You didn't know any spells.
Your spell library contained the following spells:

 Spells                   Type           Power      Damage    Failure   Level
 Ensorcelled Hibernation  Hex/Ice        0%         N/A       47%         2
 Swiftness                Air            0%         N/A       71%         3
 Airstrike                Air            0%         2d(0-16)  98%         4
 Static Discharge         Conj/Air       Unusable   3-3/arc   N/A         2
 Passwall                 Erth           Unusable   N/A       N/A         3
 Summon Lightning Spire   Summ/Air       Unusable   N/A       N/A         4

Inventory:

Missiles
 g - 30 poisoned darts
 r - 2 throwing nets {=f}
Armour
 a - a +0 animal skin (melded)
 p - a +2 helmet (worn)
 A - the +1 helmet "Oviwnaim" {Rampage *Corrode Str+2}
   (You found it on level 1 of the Lair of Beasts)

   Str+2:     It affects your strength (+2).
   *Corrode:  It may corrode you when you take damage.
   Rampage:   It bestows one free step when moving towards enemies.
Magical Staves
 E - a staff of conjuration {!a}
Jewellery
 v - an amulet of reflection (around neck)
 D - a +6 ring of dexterity (right hand)
 I - a +6 ring of intelligence
 L - a ring of flight
 M - a ring of magical power (left hand)
 R - a ring of resist corrosion
Talismans
 c - a beast talisman
 d - a flux talisman (active)
Wands
 e - a wand of acid (10)
 n - a wand of iceblast (3)
 y - a wand of mindburst (9)
 G - a wand of flame (3)
Scrolls
 b - 2 scrolls of poison
 f - 2 scrolls of immolation
 h - a scroll of silence {unknown}
 k - a scroll of vulnerability {unknown}
 l - 5 scrolls of fear
 m - 2 scrolls of enchant armour
 q - 3 scrolls of fog
 s - 3 scrolls of teleportation {@r2}
 F - 2 scrolls of amnesia
 H - a scroll of acquirement {unknown}
Potions
 i - 2 potions of mutation
 j - 2 potions of attraction
 t - a potion of magic {unknown}
 u - a potion of degeneration {unknown}
 w - a potion of enlightenment {unknown}
 x - 2 potions of lignification
 z - 2 potions of brilliance {unknown}
 B - 3 potions of might
 C - 3 potions of curing {@q1}

Dungeon Overview and Level Annotations

Branches:
Dungeon (10/15)            Temple (1/1) D:5            Lair (5/5) D:10
 Shoals (0/4) Lair:2        Slime (0/5) Lair:5          Orc (0/2) D:10
  Snake: Lair:2-3    Spider: Lair:2-3

Altars:
Ashenzari
Cheibriados
Dithmenos
Elyvilon
Gozag
Kikubaaqudgha
Makhleb
Nemelex Xobeh
Okawaru
Qazlal
Ru
Sif Muna
Trog
Uskayaw
Vehumet
Wu Jian
Xom
Zin
The Shining One

Shops:
D:4 (:[?   D:10 :=!(

Annotations:
D:2 1 runed translucent door, Crazy Yiuf
D:9 3 runed translucent doors, SirLogeyBear's ghost, novice HOBe
D:10 exclusion: statue
Lair:1 exclusion: oklob plant

##PP ###P...
###.....# .#
####......#
....####........#
...........°..°###
#...........°t°°..##
#...........°p°.)..#
##
............°#°....#
#..
#..........°#°#...##
##..
#..........#####.##
###... #..........#
## #..#..
#........###
###..... #P......##
#.#..... ##.....#.#
###...... #.......##
#........


You could see a fire crab (blind, unable to see you, misshapen).


Message History

A fire crab comes into view.
The fire crab breathes flames at you.
Found a club.
You are engulfed in blazing flames.
The fire crab breathes flames at you.
The blast of flame engulfs you but does no damage.
The fire crab begins to attack, but is stunned by your conviction!
Okay, then.
You closely miss the fire crab. The fire crab breathes flames at you.
The blast of flame engulfs you.
You hit the fire crab but do no damage.
The fire crab begins to glow.
You are engulfed in blazing flames.
* * * LOW HITPOINT WARNING * * *
The fire crab bites you.
* * * LOW HITPOINT WARNING * * *
You are engulfed in flames!
* * * LOW HITPOINT WARNING * * *
You focus your inner power and blind the fire crab in retribution!
The fire crab barely misses you.
You catch the helpless fire crab completely off-guard!
You hit the fire crab but do no damage.
The fire crab glows dangerously bright.
You are engulfed in blazing flames.
* * * LOW HITPOINT WARNING * * *
Unknown command.
You punch the fire crab!
The fire crab shudders as magic cascades through it.
The fire crab twists and deforms.
The fire crab is lightly wounded.
You are engulfed in blazing flames.
You die...

Skill      XL: |  1  2  3  4  5  6  7  8  9 10 11 |
---------------+----------------------------------+-----
Unarmed Combat | 4 5 8 9 12 | 12.0
Shapeshifting  | 4 5 7 10 12 | 12.0
Dodging        | 3 5 8 |  8.0
Fighting       | 2 5 7 |  7.0
Evocations     | 1 3 |  3.0
Stealth        | 4 8 |  8.0

Action                     |  1- 3 |  4- 6 |  7- 9 | 10-12 || total
---------------------------+-------+-------+-------+-------++-------
  Melee: Unarmed           |    65 |    64 |   598 |   511 ||  1238
         Punch             |     1 |     1 |     2 |       ||     4
  Throw: Dart              |       |     2 |       |       ||     2
 Invoke: Sacrifice Experie |       |       |     1 |       ||     1
         Sacrifice Love    |       |       |     1 |       ||     1
         Draw Out Power    |       |       |     1 |     2 ||     3
         Power Leap        |       |       |     1 |       ||     1
         Sacrifice Durabil |       |       |     1 |       ||     1
         Sacrifice Words   |       |       |       |     1 ||     1
         Apocalypse        |       |       |       |     1 ||     1
         Sacrifice Arcana  |       |       |       |     1 ||     1
Ability: Spit Poison       |    20 |    23 |    96 |    49 ||   188
  Evoke: Wand              |       |     8 |     7 |    10 ||    25
    Use: Potion            |       |     1 |     4 |       ||     5
         Scroll            |       |       |     6 |     7 ||    13
   Stab: Paralysed         |       |     2 |    10 |     9 ||    21
         Distracted        |       |       |     2 |     1 ||     3
         Invisible         |       |       |     1 |     6 ||     7
 Armour: Animal skin       |    36 |    38 |    31 |       ||   105
         Skin              |       |     2 |   207 |   205 ||   414
  Dodge: Dodged            |    28 |    21 |   283 |   227 ||   559
  Block: Other             |       |       |    95 |    62 ||   157
         Reflection        |       |       |     4 |       ||     4
   Form: Flux              |       |       |     1 |       ||     1

Levels and vault maps discovered:
D:1:      amcnicky_arrival_double_pillar, layout_loops_ring, wad_floor_pattern_1
D:2:      layout_rooms, serial_glass, glass_columns_b, glass_columns_a,
          uniq_terence, uniq_crazy_yiuf_cottage
D:3:      layout_basic, grunt_temple_overflow_open
D:4:      layout_loops_ring, serial_shops, nicolae_lakefront_shop,
          nicolae_shop_waterfront, nicolae_shop_hallway_plus,
          nicolae_shop_hallway_stairs, minmay_unequal, uniq_ijyb, uniq_edmund,
          uniq_duvessa, uniq_robin, uniq_pikel
D:5:      corexii_shack_village, layout_gridville,
          minmay_temple_entry_statues_fountains
D:6:      layout_loops_ring, marbit_many_paths, chequers_serial_rivers_micro_e,
          feat_on_display, uniq_jeremiah, uniq_eustachio
D:7:      layout_basic, st_stairs_13, uniq_menkaure
D:8:      layout_layer_cave
D:9:      layout_rooms, mainiacjoe_overflow_brackets, ebering_ghost_rock_garden
D:10:     layout_gridville, nemelex_spade_bored_becter, vehumet_statue,
          hellmonk_lair_entry_icy, orc_0_dummy, serial_ice, serial_ice_a,
          serial_ice_k, serial_ice_c, serial_ice_b, serial_shops, shop,
          nicolae_shop_gaudy_bauble, shop, shop
Temple:   nicolae_temple_godzebo
Lair:1:   layout_gridlike, lemuel_oklob_altar, serial_bayou_shore_b
Lair:2:   layout_big_grid, mainiacjoe_shoals_entry_four_pools
Lair:3:   layout_cave_pods, nicolae_spider_entry_non_spiders,
          pdpol_lair_neglected_garden, serial_bayou_shore_a, uniq_gastronok
Lair:4:   layout_big_grid, kennysheep_snail_temple
Lair:5:   hellmonk_lair_end_abyssal_woods, layout_small_grid,
          minmay_slime_entry_oklob_enclosed

Notes
Turn   | Place    | Note
-------+----------+-------------------------------------------
     0 | D:1      | Drazool the Naga Shapeshifter began the quest for the Orb.
     0 | D:1      | Reached XP level 1. HP: 18/18 MP: 1/1
    87 | D:1      | Reached XP level 2. HP: 25/25 MP: 2/2
   286 | D:1      | Reached skill level 4 in Unarmed Combat
   396 | D:1      | Reached XP level 3. HP: 31/31 MP: 3/3
  1031 | D:2      | Found a runed translucent door.
  1032 | D:2      | Noticed Crazy Yiuf
  1178 | D:2      | Reached XP level 4. HP: 38/38 MP: 4/4
  1192 | D:1      | Reached skill level 5 in Unarmed Combat
  1303 | D:2      | Reached XP level 5. HP: 43/44 MP: 5/5
  1335 | D:2      | Noticed Terence
  1342 | D:2      | Killed Terence
  1343 | D:2      | Reached skill level 4 in Shapeshifting
  1759 | D:3      | Found a shimmering altar of Xom.
  1769 | D:3      | Found a bloodstained altar of Trog.
  1769 | D:3      | Found a glowing golden altar of the Shining One.
  1769 | D:3      | Found a glowing silver altar of Zin.
  1771 | D:3      | Found a sacrificial altar of Ru.
  1773 | D:3      | Found an iron altar of Okawaru.
  1785 | D:3      | Became a worshipper of Ru the Awakened
  2130 | D:4      | Noticed Ijyb
  2134 | D:4      | Killed Ijyb
  2135 | D:4      | Reached XP level 6. HP: 51/51 MP: 6/6
  2141 | D:4      | Noticed Duvessa
  2147 | D:4      | Killed Duvessa
  2148 | D:4      | Reached skill level 5 in Shapeshifting
  2148 | D:4      | Reached skill level 2 in Dodging
  2171 | D:4      | Noticed Dowan
  2182 | D:4      | Killed Dowan
  2321 | D:4      | Reached skill level 3 in Dodging
  2336 | D:4      | Noticed an orc warrior
  2349 | D:4      | Killed an orc warrior
  2350 | D:4      | Reached skill level 2 in Fighting
  2350 | D:4      | Reached XP level 7. HP: 28/61 MP: 7/7
  2386 | D:4      | Reached skill level 3 in Fighting
  2704 | D:4      | Noticed Edmund
  2719 | D:4      | Killed Edmund
  2723 | D:4      | Found Rouppum's Book Shoppe.
  2759 | D:4      | Reached skill level 6 in Shapeshifting
  2803 | D:4      | Found Nuisoy's Magic Scroll Boutique.
  2811 | D:4      | Bought a scroll of identify for 28 gold pieces
  2850 | D:4      | Gained mutation: You are strong-willed. (Will+) [potion of
                  | mutation]
  2850 | D:4      | Gained mutation: You are resistant to electric shocks.
                  | (rElec) [potion of mutation]
  3046 | D:4      | Noticed Robin
  3050 | D:4      | Killed Robin
  3051 | D:4      | Reached XP level 8. HP: 69/69 MP: 8/8
  3219 | D:4      | Gained mutation: You are somewhat inexperienced. (-1 XL)
                  | [Ru sacrifice]
  3219 | D:4      | Reached XP level 7. HP: 62/62 MP: 16/16
  3219 | D:4      | Reached * piety under Ru
  3244 | D:4      | Reached skill level 7 in Shapeshifting
  3441 | D:4      | Found Omy Gimm's Antique Weapon Shoppe.
  3504 | D:4      | Noticed Pikel
  3521 | D:4      | Killed Pikel
  3522 | D:4      | Reached skill level 5 in Dodging
  3856 | D:4      | Found Osuas's Armour Emporium.
  3889 | D:5      | Entered Level 5 of the Dungeon
  3973 | D:5      | Reached skill level 4 in Fighting
  4005 | D:5      | Found a staircase to the Ecumenical Temple.
  4021 | Temple   | Entered the Ecumenical Temple
  4170 | D:5      | Reached skill level 5 in Fighting
  4183 | D:5      | Reached skill level 1 in Evocations
  4183 | D:5      | Reached XP level 8. HP: 73/74 MP: 8/8
  4210 | D:5      | Reached skill level 2 in Evocations
  4287 | D:5      | Reached skill level 3 in Evocations
  4385 | D:4      | Bought a scroll of blinking for 105 gold pieces
  4999 | D:5      | Reached skill level 6 in Unarmed Combat
  5713 | D:6      | Noticed Jeremiah
  5728 | D:6      | Killed Jeremiah
  5729 | D:6      | Reached skill level 7 in Unarmed Combat
  5842 | D:6      | Noticed Eustachio
  5859 | D:6      | Killed Eustachio
  5952 | D:6      | Reached skill level 8 in Unarmed Combat
  5952 | D:6      | Reached skill level 1 in Stealth
  5961 | D:6      | Gained mutation: You are hated by all. [Ru sacrifice]
  5961 | D:6      | Reached ** piety under Ru
  5961 | D:6      | Reached *** piety under Ru
  6037 | D:6      | Reached skill level 2 in Stealth
  6061 | D:6      | Reached skill level 3 in Stealth
  6325 | D:7      | Reached skill level 4 in Stealth
  6640 | D:7      | Reached XP level 9. HP: 77/81 MP: 9/9
  6710 | D:7      | Reached skill level 8 in Shapeshifting
  7034 | D:7      | Noticed Menkaure
  7037 | D:7      | Killed Menkaure
  7145 | D:7      | Paralysed by a hornet for 2 turns
  7585 | D:8      | Reached skill level 9 in Shapeshifting
  8441 | D:8      | Reached skill level 10 in Shapeshifting
  8896 | D:8      | Gained mutation: You cannot train Armour skill. [Ru
                  | sacrifice]
  8896 | D:8      | Reached **** piety under Ru
  9234 | D:9      | Reached skill level 9 in Unarmed Combat
  9462 | D:9      | Reached XP level 10. HP: 85/88 MP: 10/10
  9486 | D:9      | Found a runed translucent gate.
  9486 | D:9      | Found a runed translucent gate.
  9486 | D:9      | Found a runed translucent gate.
  9487 | D:9      | Noticed SirLogeyBear's ghost (novice HOBe)
  9615 | D:9      | Reached skill level 10 in Unarmed Combat
  9834 | D:9      | Noticed a two-headed ogre
  9849 | D:9      | Killed a two-headed ogre
  9850 | D:9      | Reached skill level 6 in Fighting
  9917 | D:10     | Entered Level 10 of the Dungeon
  9947 | D:10     | Found a radiant altar of Vehumet.
 10009 | D:10     | Reached skill level 7 in Fighting
 10216 | D:10     | Found Ihewk's Weapon Shop.
 10481 | D:10     | Found a staircase to the Lair.
 10674 | D:10     | Found a staircase to the Orcish Mines.
 10787 | D:10     | Reached skill level 11 in Unarmed Combat
 10880 | D:10     | Found Xeihet's Book Shop.
 11395 | D:10     | Found a sparkling altar of Nemelex Xobeh.
 11593 | D:10     | Found Panelafe's Distillery.
 11597 | D:10     | Gained mutation: You occasionally lose the ability to read
                  | scrolls when taking damage. [Ru sacrifice]
 11597 | D:10     | Gained mutation: You sometimes lose the ability to read
                  | scrolls when taking damage. [Ru sacrifice]
 11597 | D:10     | Reached ***** piety under Ru
 11600 | D:10     | Bought a potion of curing for 51 gold pieces
 11600 | D:10     | Bought a potion of might for 68 gold pieces
 11600 | D:10     | Bought a potion of lignification for 51 gold pieces
 11603 | D:10     | Found Miz Vong's Jewellery Shop.
 11639 | Lair:1   | Entered Level 1 of the Lair of Beasts
 11796 | Lair:1   | Identified the +1 helmet "Oviwnaim" {Rampage *Corrode
                  | Str+2}
 11807 | Lair:1   | Noticed a boulder beetle
 11821 | Lair:1   | Killed a boulder beetle
 11822 | Lair:1   | Reached skill level 12 in Unarmed Combat
 12386 | Lair:1   | Reached skill level 6 in Stealth
 12485 | Lair:1   | Found a stormy altar of Qazlal.
 12582 | Lair:1   | Reached skill level 7 in Stealth
 12588 | Lair:1   | Reached skill level 8 in Stealth
 12588 | Lair:1   | Reached XP level 11. HP: 87/100 MP: 11/11
 12932 | Lair:2   | Reached skill level 11 in Shapeshifting
 13186 | Lair:2   | Found a staircase to the Shoals.
 13515 | Lair:2   | Noticed an eight-headed hydra
 13524 | Lair:2   | Killed an eight-headed hydra
 14100 | Lair:2   | Reached skill level 12 in Shapeshifting
 14279 | Lair:3   | Reached skill level 6 in Dodging
 14368 | Lair:3   | Identified the +3 spear of Premature Burial {pain, rF+++
                  | Will+++ Str-4 Int-4}
 14370 | Lair:3   | You fall into a shaft and drop 2 floors!
 14370 | Lair:5   | Entered Level 5 of the Lair of Beasts
 14513 | Lair:4   | Noticed a seven-headed hydra
 14521 | Lair:4   | Killed a seven-headed hydra
 14661 | Lair:3   | Reached skill level 7 in Dodging
 14790 | Lair:3   | Gained mutation: You cannot study or cast Earth magic. [Ru
                  | sacrifice]
 14790 | Lair:3   | Gained mutation: You cannot study or cast Alchemy magic.
                  | [Ru sacrifice]
 14790 | Lair:3   | Gained mutation: You cannot study or cast Conjurations
                  | magic. [Ru sacrifice]
 14790 | Lair:3   | Reached ****** piety under Ru
 14859 | Lair:3   | Noticed Gastronok
 14882 | Lair:3   | Killed Gastronok
 14883 | Lair:3   | Reached skill level 8 in Dodging
 15163 | Lair:3   | Engulfed by a fire crab's flame

Vanquished Creatures
  Gastronok (Lair:3)
  2 hydras
  A two-headed ogre (D:9)
  A boulder beetle (Lair:1)
  Pikel (D:4)
  2 cane toads (Lair:1)
  3 komodo dragons
  Jeremiah (D:6)
  A rime drake (D:10)
  2 polar bears
  A hornet (D:7)
  3 merfolk (Lair:2)
  A centaur simulacrum (D:10)
  5 slime creatures (D:10)
  A wraith (D:10)
  Eustachio (D:6)
  39 yaks
  6 wyverns
  A steam dragon (D:7)
  Edmund (D:4)
  An acid dragon (D:10)
  9 water moccasins
  Duvessa (D:4)
  7 ice beasts
  2 orc warriors
  2 sky beasts
  2 black bears
  8 wolves
  2 ogres (D:6)
  2 centaurs
  4 lemures (D:4)
  A phantom (D:5)
  11 bullfrogs
  2 kobold brigands
  2 scorpions (D:5)
  Dowan (D:4)
  8 killer bees
  2 electric eels
  4 howler monkeys
  4 bombardier beetles
  A jelly (D:8)
  10 orc priests
  2 gnoll boudas
  4 hounds
  Ijyb (D:4)
  3 sleepcaps (D:6)
  Terence (D:2)
  4 iguanas
  18 orc wizards
  Robin (D:4)
  7 adders
  8 gnolls
  6 white imps
  A howler monkey simulacrum (D:10)
  3 dart slugs
  45 orcs
  2 bats
  3 endoplasms
  3 giant cockroaches
  20 goblins
  5 hobgoblins
  11 jackals
  4 quokkas
  4 ball pythons
  2 frilled lizards
  17 kobolds
  7 rats
342 creatures vanquished.

Vanquished Creatures (others)
  A yak (Lair:1)
  A wyvern (Lair:2)
  Menkaure (D:7)
  An acid dragon (D:9)
  An orc wizard (D:8)
  A kobold (D:7)
6 creatures vanquished.

Grand Total: 348 creatures vanquished

Table legend: (Time is in decaauts)
 A = Elapsed time spent in this place.
 B = Non-inter-level travel time spent in this place.
 C = Inter-level travel time spent in this place.
 D = Time resting spent in this place.
 E = Time spent auto-exploring this place.
 F = Levels seen in this place.
 G = Mean time per level.
                   A        B        C        D        E       F      G
               +--------+--------+--------+--------+--------+-----+--------+
         Total |  18050 |  17431 |    619 |   1973 |  12158 |  16 | 1128.1 |
       Dungeon |  13902 |  13339 |    563 |   1380 |   9375 |  10 | 1390.2 |
        Temple |    131 |    131 |      0 |    118 |      0 |   1 |  131.0 |
          Lair |   4016 |   3960 |     56 |    475 |   2782 |   5 |  803.2 |
               +--------+--------+--------+--------+--------+-----+--------+

Top non-repeatable levels by time:
     D:4: 2185 daAuts
     D:7: 1898 daAuts
  Lair:1: 1727 daAuts
    D:10: 1719 daAuts
     D:8: 1514 daAuts
     D:5: 1477 daAuts
  Lair:2: 1289 daAuts
     D:6: 1214 daAuts
     D:9: 1191 daAuts
     D:1: 1129 daAuts
     D:2: 806 daAuts
  Lair:3: 788 daAuts
     D:3: 765 daAuts
  Lair:5: 147 daAuts
  Temple: 131 daAuts

Table legend:
 A = Non-vault XP
 B = Vault XP
 C = Vault XP percentage of total XP
 D = Non-vault monster count
 E = Vault monster count
 F = Vault count percentage of total count
                 A         B        C        D         E       F
            +---------+---------+-------+---------+---------+-------
      Total |   23548 |    7371 |  23.8 |     286 |      57 |  16.6
            +---------+---------+-------+---------+---------+-------
        D:1 |      85 |       0 |   0.0 |      22 |       0 |   0.0
        D:2 |      96 |      36 |  27.3 |      18 |       1 |   5.3
        D:3 |      63 |       0 |   0.0 |      15 |       0 |   0.0
        D:4 |     491 |    1247 |  71.7 |      31 |      18 |  36.7
        D:5 |     867 |      11 |   1.3 |      27 |       7 |  20.6
        D:6 |     601 |     625 |  51.0 |      18 |       3 |  14.3
        D:7 |    1866 |     279 |  13.0 |      30 |       2 |   6.2
        D:8 |    1253 |       0 |   0.0 |      19 |       0 |   0.0
        D:9 |    2763 |     140 |   4.8 |      26 |       2 |   7.1
       D:10 |    1941 |    2655 |  57.8 |      17 |      20 |  54.1
     Temple |     105 |       0 |   0.0 |       3 |       0 |   0.0
     Lair:1 |    4715 |       0 |   0.0 |      21 |       0 |   0.0
     Lair:2 |    3513 |     865 |  19.8 |      15 |       3 |  16.7
     Lair:3 |    3490 |    1513 |  30.2 |      19 |       1 |   5.0
     Lair:4 |    1367 |       0 |   0.0 |       3 |       0 |   0.0
     Lair:5 |     332 |       0 |   0.0 |       2 |       0 |   0.0
            +---------+---------+-------+---------+---------+-------
